PAAA
BATON ROUGE BRASS @ BLOOMINGTON LONGNECKS
07/05/2041
 
TOP OF THE 1ST
Baton Rouge Brass batting - Pitching for Bloomington Longnecks : RHP Cheung Wuying
Pitching: RHP Cheung Wuying
Batting: LHB Jun-suk Pak 0-0: Ball
1-0: Swinging Strike
1-1: Ball
2-1: Fly out, F7 (Line Drive, 7, EV 90.6 MPH)
Batting: LHB Weston Doyle 0-0: Called Strike
0-1: Ball
1-1: Fly out, F9 (Flyball, 9, EV 94.4 MPH)
Batting: LHB Stephen Goldobenko 0-0: SINGLE (Groundball, 4MD, EV 104.4 MPH)
Batting: LHB Javier Seco 0-0: Called Strike
0-1: Ball
1-1: Swinging Strike
1-2: Fly out, F6 (Popup, 6MD, EV 48.8 MPH)
Top of the 1st over - 0 runs, 1 hit, 0 errors, 1 left on base; Baton Rouge 0 - Bloomington 0
BOTTOM OF THE 1ST
Bloomington Longnecks batting - Pitching for Baton Rouge Brass : RHP David Silva
Pitching: RHP David Silva
Batting: RHB David Milliken 0-0: Called Strike
0-1: Ball
1-1: Fly out, F9 (Flyball, 89D, EV 91.2 MPH)
Batting: RHB Karel van Capelle 0-0: Ball
1-0: Called Strike
1-1: Foul Ball, location: 2F
1-2: Foul Ball, location: 2F
1-2: Strikes out swinging
Batting: SHB Yosuke Daisen 0-0: Swinging Strike
0-1: Called Strike
0-2: Ball
1-2: Foul Ball, location: 2F
1-2: Ball
2-2: SOLO HOME RUN (Flyball, 89XD, EV 107.5 MPH), Distance : 411 ft
Batting: LHB John Schaefer 0-0: Called Strike
0-1: Swinging Strike
0-2: Ball
1-2: Foul Ball, location: 2F
1-2: Ball
2-2: Ground out 4-3 (Groundball, 4, EV 106.9 MPH)
Bottom of the 1st over - 1 run, 1 hit, 0 errors, 0 left on base; Baton Rouge 0 - Bloomington 1
TOP OF THE 2ND
Baton Rouge Brass batting - Pitching for Bloomington Longnecks : RHP Cheung Wuying
Batting: RHB Dean Shamakani 0-0: Ball
1-0: Called Strike
1-1: Ball
2-1: Foul Ball, location: 2F
2-2: Fly out, F5 (Popup, 56S, EV 72.5 MPH)
Batting: LHB Tomislav Jovovich 0-0: Ground out 1-3 (Groundball, P, EV 84.4 MPH)
Batting: LHB Luis García 0-0: Called Strike
0-1: Ball
1-1: Ball
2-1: Ball
3-1: Base on Balls
Batting: RHB Jorge Muńóz 0-0: Fielders Choice at 2nd, 5-4 (Groundball, 56, EV 79.4 MPH)
Top of the 2nd over - 0 runs, 0 hits, 0 errors, 1 left on base; Baton Rouge 0 - Bloomington 1
BOTTOM OF THE 2ND
Bloomington Longnecks batting - Pitching for Baton Rouge Brass : RHP David Silva
Batting: RHB Dao-zi Zhan 0-0: Called Strike
0-1: Ball
1-1: Fly out, F9 (Line Drive, 9, EV 92.5 MPH)
Batting: LHB Oscar Finley 0-0: Ball
1-0: Swinging Strike
1-1: Foul Ball, location: 2F
1-2: SOLO HOME RUN (Flyball, 9D, EV 93.1 MPH), Distance : 345 ft
Batting: RHB Brock Waxley 0-0: Foul Ball, location: 2F
0-1: Foul Ball, location: 2F
0-2: Ball
1-2: Ball
2-2: Fly out, F9 (Flyball, 9S, EV 88.8 MPH)
Batting: LHB Wayne Noble 0-0: Fly out, F9 (Flyball, 9S, EV 88.1 MPH)
Bottom of the 2nd over - 1 run, 1 hit, 0 errors, 0 left on base; Baton Rouge 0 - Bloomington 2
TOP OF THE 3RD
Baton Rouge Brass batting - Pitching for Bloomington Longnecks : RHP Cheung Wuying
Batting: RHB Scott Dourque 0-0: Ball
1-0: Ground out 6-3 (Groundball, 6, EV 86.2 MPH)
Batting: LHB Jun-suk Pak 0-0: Ball
1-0: Swinging Strike
1-1: DOUBLE (Line Drive, 78D, EV 111.9 MPH)
Batting: LHB Weston Doyle 0-0: Called Strike
0-1: Ball
1-1: Fly out, F7 (Flyball, 7S, EV 94.4 MPH)
Batting: LHB Stephen Goldobenko 0-0: Ball
1-0: Reached on error, E2 (Groundball, 15S, EV 61.9 MPH)
Jun-suk Pak scores
Batting: LHB Javier Seco 0-0: Ball
1-0: Fly out, F1 (Line Drive, P, EV 72.5 MPH)
Top of the 3rd over - 1 run, 1 hit, 1 error, 1 left on base; Baton Rouge 1 - Bloomington 2
BOTTOM OF THE 3RD
Bloomington Longnecks batting - Pitching for Baton Rouge Brass : RHP David Silva
Batting: LHB Carlos Sánchez 0-0: Ball
1-0: Called Strike
1-1: Ball
2-1: Foul Ball, location: 2F
2-2: Foul Ball, location: 2F
2-2: Ball
3-2: Base on Balls
Batting: RHB David Milliken 0-0: Ball
1-0: Foul Ball, location: 2F
1-1: Swinging Strike
1-2: Ball
2-2: Ball
3-2: Fielders Choice at 2nd, 5-4 (Groundball, 56, EV 98.1 MPH)
Batting: RHB Karel van Capelle 0-0: Ball
1-0: Ball
2-0: Ball
Wild Pitch!
David Milliken to second
3-0: Called Strike
3-1: Ground out 4-3 (Groundball, 4S, EV 83.8 MPH)
David Milliken to third
Batting: SHB Yosuke Daisen 0-0: Called Strike
0-1: Foul Ball, location: 2F
0-2: Ball
1-2: Ball
2-2: Ball
3-2: Foul Ball, location: 2F
3-2: Base on Balls
Batting: LHB John Schaefer 0-0: Called Strike
0-1: Ball
1-1: 3-RUN HOME RUN (Flyball, 9D, EV 93.8 MPH), Distance : 347 ft
Pitching: LHP Gilberto Chávez
Batting: RHB Dao-zi Zhan 0-0: Ball
1-0: Ball
2-0: Called Strike
2-1: Ball
3-1: Base on Balls
Batting: LHB Oscar Finley 0-0: SINGLE (Line Drive, 78S, EV 114.4 MPH)
Dao-zi Zhan to second
Batting: RHB Brock Waxley 0-0: Called Strike
0-1: Ball
1-1: Swinging Strike
1-2: Ball
2-2: Fly out, F8 (Line Drive, 8RM, EV 98.8 MPH)
Bottom of the 3rd over - 3 runs, 2 hits, 0 errors, 2 left on base; Baton Rouge 1 - Bloomington 5
TOP OF THE 4TH
Baton Rouge Brass batting - Pitching for Bloomington Longnecks : RHP Cheung Wuying
Batting: RHB Dean Shamakani 0-0: Foul Ball, location: 2F
0-1: Ball
1-1: Swinging Strike
1-2: Strikes out swinging
Batting: LHB Tomislav Jovovich 0-0: Swinging Strike
0-1: TRIPLE (Groundball, 3L, EV 99.4 MPH)
Batting: LHB Luis García 0-0: Ball
1-0: Ball
2-0: Ball
3-0: Called Strike
3-1: Base on Balls
Batting: RHB Jorge Muńóz 0-0: Ball
1-0: Ball
2-0: Fly out, F6 (Popup, 6, EV 66.9 MPH)
Batting: RHB Scott Dourque 0-0: Foul Ball, location: 2F
0-1: Fly out, F9 (Flyball, 9S, EV 95.0 MPH)
Top of the 4th over - 0 runs, 1 hit, 0 errors, 2 left on base; Baton Rouge 1 - Bloomington 5
BOTTOM OF THE 4TH
Bloomington Longnecks batting - Pitching for Baton Rouge Brass : LHP Gilberto Chávez
Batting: LHB Wayne Noble 0-0: Ball
1-0: Called Strike
1-1: Ball
2-1: Ball
3-1: Swinging Strike
3-2: Base on Balls
Batting: LHB Carlos Sánchez 0-0: Ball
1-0: Ball
2-0: DOUBLE (Line Drive, 9LD, EV 98.1 MPH)
Wayne Noble to third
Runner from 3rd tries for Home, SAFE, throw by RF to home
Batting: RHB David Milliken 0-0: Ground out 5-3 (Groundball, 56S, EV 83.1 MPH)
Batting: RHB Karel van Capelle 0-0: Ground out 6-3 (Groundball, 6MD, EV 78.8 MPH)
Carlos Sánchez to third
Batting: SHB Yosuke Daisen 0-0: SINGLE (Line Drive, 89S, EV 94.4 MPH)
Carlos Sánchez scores
Batting: LHB John Schaefer 0-0: Called Strike
0-1: Ball
1-1: Foul Ball, location: 2F
1-2: Ball
2-2: Strikes out swinging
Bottom of the 4th over - 2 runs, 2 hits, 0 errors, 1 left on base; Baton Rouge 1 - Bloomington 7
TOP OF THE 5TH
Baton Rouge Brass batting - Pitching for Bloomington Longnecks : RHP Cheung Wuying
Batting: LHB Jun-suk Pak 0-0: Ball
1-0: Foul Ball, location: 2F
1-1: SINGLE (Line Drive, 8RS, EV 88.1 MPH)
Batting: LHB Weston Doyle 0-0: Called Strike
0-1: Ball
1-1: 2-RUN HOME RUN (Flyball, 9LD, EV 99.4 MPH), Distance : 340 ft
Batting: LHB Stephen Goldobenko 0-0: Called Strike
0-1: Ball
1-1: Ball
2-1: Foul Ball, location: 2F
2-2: Foul Ball, location: 2F
2-2: Foul Ball, location: 2F
2-2: Ball
3-2: SINGLE (Groundball, 34D, EV 106.2 MPH)
Batting: LHB Javier Seco 0-0: Ball
1-0: Ball
2-0: Foul Ball, location: 2F
2-1: Foul Ball, location: 2F
2-2: Fly out, F5 (Popup, 5SF, EV 82.5 MPH)
Pitching: RHP Jesús Franco
Batting: RHB Dean Shamakani 0-0: Ball
1-0: Foul Ball, location: 2F
1-1: Ball
2-1: Swinging Strike
2-2: Strikes out looking
Batting: LHB Tomislav Jovovich 0-0: Ball
1-0: Called Strike
1-1: Fly out, F7 (Flyball, 7LM, EV 100.6 MPH)
Top of the 5th over - 2 runs, 3 hits, 0 errors, 1 left on base; Baton Rouge 3 - Bloomington 7
BOTTOM OF THE 5TH
Bloomington Longnecks batting - Pitching for Baton Rouge Brass : LHP Gilberto Chávez
Batting: RHB Dao-zi Zhan 0-0: Ball
1-0: Ball
2-0: Called Strike
2-1: Fly out, F9 (Flyball, 89M, EV 93.8 MPH)
Batting: LHB Oscar Finley 0-0: Foul Ball, location: 2F
0-1: Ball
1-1: Ball
2-1: Swinging Strike
2-2: Foul Ball, location: 2F
2-2: Foul Ball, location: 2F
2-2: Strikes out looking
Batting: RHB Brock Waxley 0-0: Called Strike
0-1: Swinging Strike
0-2: Foul Ball, location: 2F
0-2: Strikes out swinging
Bottom of the 5th over - 0 runs, 0 hits, 0 errors, 0 left on base; Baton Rouge 3 - Bloomington 7
TOP OF THE 6TH
Baton Rouge Brass batting - Pitching for Bloomington Longnecks : RHP Jesús Franco
Batting: LHB Luis García 0-0: Called Strike
0-1: Ball
1-1: Ball
2-1: SINGLE (Line Drive, 34D, EV 105.0 MPH)
Batting: RHB Jorge Muńóz 0-0: Swinging Strike
0-1: Called Strike
0-2: Strikes out swinging
Batting: RHB Scott Dourque 0-0: Swinging Strike
0-1: Called Strike
0-2: Ball
1-2: Foul Ball, location: 2F
1-2: Ball
2-2: Grounds into double play, 5-4-3 (Groundball, 56, EV 100.0 MPH)
Top of the 6th over - 0 runs, 1 hit, 0 errors, 0 left on base; Baton Rouge 3 - Bloomington 7
BOTTOM OF THE 6TH
Bloomington Longnecks batting - Pitching for Baton Rouge Brass : LHP Gilberto Chávez
Batting: LHB Wayne Noble 0-0: Ball
1-0: TRIPLE (Flyball, 8LXD, EV 96.9 MPH)
Batting: LHB Carlos Sánchez 0-0: Ball
1-0: Fly out, F7 (Flyball, 7LS, EV 90.0 MPH)
Pitching: RHP Rafael Bernal
Batting: RHB David Milliken 0-0: Called Strike
0-1: Ball
1-1: SINGLE (Groundball, 6MD, EV 103.1 MPH)
Wayne Noble scores
Batting: RHB Karel van Capelle 0-0: Ball
1-0: Ball
2-0: Swinging Strike
2-1: Grounds into double play, 5-4-3 (Groundball, 56S, EV 90.6 MPH)
Bottom of the 6th over - 1 run, 2 hits, 0 errors, 0 left on base; Baton Rouge 3 - Bloomington 8
TOP OF THE 7TH
Baton Rouge Brass batting - Pitching for Bloomington Longnecks : RHP Jesús Franco
Batting: LHB Jun-suk Pak 0-0: Ball
1-0: Called Strike
1-1: SINGLE (Groundball, 4MD, EV 96.9 MPH)
Batting: LHB Weston Doyle 0-0: Called Strike
0-1: Ball
1-1: 2-RUN HOME RUN (Flyball, 9D, EV 89.4 MPH), Distance : 349 ft
Batting: LHB Stephen Goldobenko 0-0: Ball
1-0: Called Strike
1-1: Foul Ball, location: 2F
1-2: Strikes out swinging
Batting: LHB Javier Seco 0-0: Called Strike
0-1: Fly out, F8 (Flyball, 78D, EV 98.8 MPH)
Batting: RHB Dean Shamakani 0-0: Foul Ball, location: 2F
0-1: Foul Ball, location: 2F
0-2: SINGLE (Line Drive, 78S, EV 93.1 MPH)
Pitching: RHP John Walton
Batting: LHB Tomislav Jovovich 0-0: Fielders Choice at 2nd, 6-4 (Groundball, 6, EV 110.6 MPH)
Top of the 7th over - 2 runs, 3 hits, 0 errors, 1 left on base; Baton Rouge 5 - Bloomington 8
BOTTOM OF THE 7TH
Bloomington Longnecks batting - Pitching for Baton Rouge Brass : RHP Rafael Bernal
Pitching: RHP Ted Chong
Batting: SHB Yosuke Daisen 0-0: Ball
1-0: Ball
2-0: SINGLE (Groundball, 4MD, EV 96.2 MPH)
Batting: LHB John Schaefer 0-0: Ball
1-0: Ball
2-0: Called Strike
2-1: Swinging Strike
2-2: Foul Ball, location: 2F
2-2: Ball
3-2: Foul Ball, location: 2F
3-2: Fly out, F8 (Flyball, 8RD, EV 96.2 MPH)
Batting: RHB Dao-zi Zhan 0-0: Ball
1-0: Ball
2-0: Called Strike
2-1: SINGLE (Groundball, 4MD, EV 103.8 MPH)
Yosuke Daisen to second
Runner from 2nd tries for 3rd, SAFE, no throw by CF
Batting: LHB Oscar Finley 0-0: Swinging Strike
0-1: SINGLE (Flyball, 9S, EV 86.9 MPH)
Yosuke Daisen scores
Dao-zi Zhan to second
Runner from 2nd tries for 3rd, SAFE, no throw by RF
Batting: RHB Brock Waxley 0-0: Fly out, F4 (Popup, 13S, EV 86.2 MPH)
Batting: LHB Wayne Noble 0-0: Called Strike
0-1: Ball
1-1: Ball
2-1: Foul Ball, location: 2F
2-2: Ball
3-2: Strikes out swinging
Bottom of the 7th over - 1 run, 3 hits, 0 errors, 2 left on base; Baton Rouge 5 - Bloomington 9
TOP OF THE 8TH
Baton Rouge Brass batting - Pitching for Bloomington Longnecks : RHP John Walton
Now at 3B: Cody Scott
Now in RF: Sean Cox
Batting: LHB Luis García 0-0: Ball
1-0: Ball
2-0: Swinging Strike
2-1: Foul Ball, location: 2F
2-2: Foul Ball, location: 2F
2-2: Foul Ball, location: 2F
2-2: Strikes out swinging
Batting: RHB Jorge Muńóz 0-0: Called Strike
0-1: Ball
1-1: Fly out, F8 (Line Drive, 8LD, EV 95.6 MPH)
Batting: RHB Scott Dourque 0-0: Foul Ball, location: 2F
0-1: Hit by Pitch
Batting: LHB Jun-suk Pak 0-0: Ball
1-0: Ball
2-0: Ground out 4-3 (Groundball, 4, EV 103.8 MPH)
Top of the 8th over - 0 runs, 0 hits, 0 errors, 1 left on base; Baton Rouge 5 - Bloomington 9
BOTTOM OF THE 8TH
Bloomington Longnecks batting - Pitching for Baton Rouge Brass : RHP Ted Chong
Batting: LHB Carlos Sánchez 0-0: Ball
1-0: Ball
2-0: Called Strike
2-1: Foul Ball, location: 2F
2-2: Ball
3-2: Base on Balls
Batting: RHB David Milliken 0-0: Called Strike
0-1: Called Strike
0-2: Strikes out swinging
Pitching: LHP Daniel Edwards
Batting: RHB Karel van Capelle 0-0: Ball
1-0: Fielders Choice at 2nd, 6-4 (Groundball, 6D, EV 86.2 MPH)
Pitching: LHP Tracy Cowdin
Batting: SHB Yosuke Daisen 0-0: Ball
1-0: Called Strike
1-1: Swinging Strike
1-2: Ball
Karel van Capelle steals 2nd base
2-2: Foul Ball, location: 2F
2-2: 2-RUN HOME RUN (Flyball, 7D, EV 100.0 MPH), Distance : 383 ft
Batting: LHB John Schaefer 0-0: Foul Ball, location: 2F
0-1: Foul Ball, location: 2F
0-2: Strikes out looking
Bottom of the 8th over - 2 runs, 1 hit, 0 errors, 0 left on base; Baton Rouge 5 - Bloomington 11
TOP OF THE 9TH
Baton Rouge Brass batting - Pitching for Bloomington Longnecks : RHP John Walton
Batting: LHB Weston Doyle 0-0: Ball
1-0: Ball
2-0: Ball
3-0: Base on Balls
Batting: LHB Stephen Goldobenko 0-0: Ball
1-0: Ball
2-0: Ball
3-0: Base on Balls
Weston Doyle to second
Batting: LHB Javier Seco 0-0: Called Strike
0-1: Ball
1-1: Fly out, F4 (Popup, 3S, EV 78.8 MPH)
Batting: RHB Dean Shamakani 0-0: Ball
1-0: Fly out, F9 (Flyball, 9, EV 89.4 MPH)
Batting: LHB Tomislav Jovovich 0-0: Ball
1-0: Ball
2-0: Called Strike
2-1: SINGLE (Flyball, 7S, EV 86.9 MPH)
Weston Doyle to third
Stephen Goldobenko to second
Batting: LHB Luis García 0-0: Ball
1-0: Ball
2-0: Ball
3-0: Called Strike
3-1: Called Strike
3-2: Base on Balls
Weston Doyle scores
Stephen Goldobenko to third
Tomislav Jovovich to second
Pitching: RHP Salvador Sagastizabal
Batting: RHB Jorge Muńóz 0-0: Called Strike
0-1: Ball
1-1: Ball
2-1: SINGLE (Groundball, 56D, EV 102.5 MPH)
Stephen Goldobenko scores
Tomislav Jovovich to third
Luis García to second
Pinch Hitting: LHB Bob Sanders 0-0: Ball
1-0: Ball
2-0: Ball
3-0: Base on Balls
Tomislav Jovovich scores
Luis García to third
Jorge Muńóz to second
Batting: LHB Jun-suk Pak 0-0: Ball
1-0: Called Strike
1-1: Called Strike
1-2: SINGLE (Line Drive, 6M, EV 106.9 MPH)
Luis García scores
Jorge Muńóz to third
Bob Sanders to second
Batting: LHB Weston Doyle 0-0: Foul Ball, location: 2F
0-1: Fly out, F8 (Flyball, 78XD, EV 101.2 MPH)
Top of the 9th over - 4 runs, 3 hits, 0 errors, 3 left on base; Baton Rouge 9 - Bloomington 11
Tuesday, January 5th, 2021 - OOTP Baseball 20.8 Build 74